cohdb
Replays
Latest Replays
All Replays
Popular Replays
Top Player Replays
Match Explorer
How It Works
Community
CoH3 Stats
Reddit
Sign in to upload your games and track your stats! →
Sign in with Steam
Match 42881197
Unlisted
Match 42881197
Overview
Messages
Build Orders
End
Engineer Squad
Construct Barracks
Selects Advanced Infantry Battlegroup
Riflemen Squad
M1 Mortar Team
Grenade Package
Selects Convert to Ranger Squad
Riflemen Squad
.30 cal Machine Gun
Ranger Squad
Riflemen Squad
Mechanized Support Center
Selects Frontline Medical Station
Frontline Medical Station
M1918 Browning Automatic Rifles
Ranger Squad
Construct Tank Depot
M4A1 76mm Conversion
Selects Ranger Weapon Training
Improvised Armor
Designate Forward Repair Station
Selects Ammunition Storage
M4A1(76) Sherman Medium Tank
Selects M2A1 105mm Howitzer Emplacement
M4A1(76) Sherman Medium Tank
Rapid Repairs
Selects Free Fire Drills
AltekHyper(FR)
SlaughterWolves
SMash [FOXES]
Hyperion
UH|dun! ツ
UH|ck
UH|XTC
iceman
0
0
Comments
sign in to comment!
No comments posted yet!